 Dungeon Sprint DCSS version 0.31-a0-889-g1a8549509d (webtiles) character file.

Game seed: 14233750556433092523

554 rocky1 the Geomancer (level 9, -2/74 HPs)
             Began as a Demonspawn Earth Elementalist on Oct 16, 2023.
             Was a High Priest of Vehumet.
             Slain by a sun demon (18 damage)
             ... in the Dungeon (Sprint VI: "Thunderdome") on Oct 17, 2023.
             The game lasted 00:15:10 (900 turns).

rocky1 the Geomancer (Demonspawn Earth Elementalist) Turns: 900, Time: 00:15:11

Health: -2/74      AC: 13    Str: 15    XL:     9   Next: 13%
Magic:  1/22       EV: 13    Int: 23    God:    Vehumet [*****.]
Gold:   40         SH:  0    Dex:  9    Spells: 19/27 levels left

rFire   + . .        b - +2 short sword (venom)
rCold   x . .        (no shield)
rNeg    + + .        a - +0 robe
rPois   +            (no helmet)
rElec   .            q - +1 cloak of Parts Unknown {rPois rF+ Str+6}
rCorr   .            (no gloves)
SInv    .            (no boots)
Will    .....        c - amulet of Hugior {RegenMP rC- Regen+ Int+2}
Stlth   ++           n - ring "Juzig" {Wiz rN++ Dex-4}
HPRegen 1.12/turn    (no ring)
MPRegen 0.58/turn

%: no teleportation, wizardry (x1)
@: sanguine armoured
A: foul stench 1, sanguine armour 2, demonic magic 1, demonic touch 2
}: 1/15 runes: serpentine
a: Renounce Religion


You were in the Dungeon.
You worshipped Vehumet.
Vehumet was extremely pleased with you.
You visited 1 branch You collected 850 gold pieces.
You spent 810 gold pieces at shops.

Inventory:

Hand Weapons
 b - a +2 short sword of venom (weapon)
 m - a +0 short sword
Missiles
 l - 2 curare-tipped darts
Armour
 a - a +0 robe (worn)
 q - the +1 cloak of Parts Unknown (worn) {rPois rF+ Str+6}
   (You bought it in a shop in the Dungeon)

   Str+6:     It affects your strength (+6).
   rF+:       It protects you from fire.
   rPois:     It protects you from poison
Jewellery
 c - the amulet of Hugior (around neck) {RegenMP rC- Regen+ Int+2}
   (You bought it in a shop in the Dungeon)

   [amulet of magic regeneration]

   RegenMP:   It increases your rate of magic regeneration.
   Int+2:     It affects your intelligence (+2).
   rC-:       It makes you vulnerable to cold.
   Regen+:    It increases your rate of health regeneration.
 n - the ring "Juzig" (left hand) {Wiz rN++ Dex-4}
   (You bought it in a shop in the Dungeon)

   [ring of wizardry]

   Wiz:       It improves your spell success rate.
   Dex-4:     It affects your dexterity (-4).
   rN++:      It greatly protects you from negative energy.
Wands
 j - a wand of roots (2)
 o - a wand of digging (6)
Scrolls
 g - 2 scrolls of blinking
 k - 3 scrolls of fog
Potions
 d - 2 potions of heal wounds
 e - 4 potions of haste
 f - a potion of berserk rage
 h - a potion of resistance
 p - 4 potions of curing


   Skills:
 * Level 8.0 Fighting
 + Level 4.5 Dodging
 - Level 1.8 Stealth
 + Level 9.7 Spellcasting
 * Level 7.3 Conjurations
 - Level 0.8 Transmutations
 * Level 11.2 Earth Magic
 + Level 3.0 Evocations


You had 19 spell levels left.
You knew the following spells:

 Your Spells              Type           Power      Damage    Failure   Level
a - Sandblast             Erth           100%       2d20      1%          1
b - Stone Arrow           Conj/Erth      100%       3d13      1%          3
c - Brom's Barrelling Bo  Conj/Erth      52%        2d7       1%          4

Your spell library contained the following spells:

 Spells                   Type           Power      Damage    Failure   Level
 Dazzling Flash           Conj/Hex       56%        N/A       1%          3
 Passwall                 Tmut/Erth      32%        N/A       1%          2
 Petrify                  Tmut/Erth      39%        N/A       1%          4


Dungeon Overview and Level Annotations

Branches:
Dungeon (1/1)

Altars:
Cheibriados
Dithmenos
Fedhas
Gozag
Kikubaaqudgha
Makhleb
Okawaru
Qazlal
Ru
Sif Muna
Trog
Uskayaw
Vehumet
Wu Jian
Xom
Yredelemnul
Lugonu

Shops:
D *[=??*?*:[((!!!!


Innate Abilities, Weirdness & Mutations

You may rarely emit foul miasma when damaged in melee.
When seriously injured, your blood forms thick armour. (AC +9)
Spells you cast may paralyse adjacent enemies.
Your touch may inflict irresistible damage on your foes.


Message History

Confirm with . or Enter, or press ? or * to list all spells.
Aiming: Sandblast (safe; 1% risk of failure)
Press: ? - help, Shift-Dir - straight line, f/p - sun demon
Aim: a sun demon (heavily wounded, 82% to hit)
The blast of sand hits the sun demon!
The sun demon is severely wounded.
Malevolent energies surge around you. The sun demon closely misses you.
The sun demon hits you!
* * * LOW HITPOINT WARNING * * *
You are engulfed in flames.
You resist.
* * * LOW HITPOINT WARNING * * *
You feel much better. The sun demon hits you!
* * * LOW HITPOINT WARNING * * *
You are engulfed in flames!
You resist.
* * * LOW HITPOINT WARNING * * *
Aiming: Stone Arrow (safe; 1% risk of failure)
Press: ? - help, Q - select action, (/) - cycle Shift-Dir - straight line, f/p - sun demon
Aim: a sun demon (severely wounded, 72% to hit)
The stone arrow hits the sun demon!
The sun demon is almost dead.
Malevolent energies surge around you.
The sun demon hits you but does no damage.
Unknown command.
You feel much better. The sun demon closely misses you. x2
Unknown command.
You hit the sun demon but do no damage.
The sun demon is almost dead.
The sun demon hits you!
* * * LOW HITPOINT WARNING * * *
You are engulfed in flames!
You resist.
* * * LOW HITPOINT WARNING * * *
Unknown command.
Casting: Stone Arrow (safe; 1% risk of failure)
Confirm with . or Enter, or press ? or * to list all spells.
Aiming: Sandblast (safe; 1% risk of failure)
Press: ? - help, Shift-Dir - straight line, f/p - sun demon
Aim: a sun demon (almost dead, 82% to hit)
The blast of sand misses the sun demon.
Malevolent energies surge around you. The sun demon hits you!!
You die...

#_..(..(._#
###.........###
#⌠..........(⌠#
######(8.)......(8.##
##∩___..)...###......_
###∩...)...÷8.# #.8.....
##.............###.(...(.
#⌠.......3..###...###....
#⌠......@...# #.<.# #....
#⌠......(...###...###....
##.............###.......
###∩........8.# #.8.....
##∩__.......###......_
######.8......)..8.##
#⌠......)....⌠#
###.........###
#_......._#


You could see a sun demon.

Vanquished Creatures
  A naga warrior (D)
  A fire bat (D)
  2 fire elementals (D)
  A hell hound (D)
  3 kobold brigands (D)
  6 giant cockroaches (D)
  A goblin (D)
  2 hobgoblins (D)
  11 kobolds (D)
28 creatures vanquished.

Notes
Turn   | Place    | Note
-------+----------+-------------------------------------------
     0 | D        | rocky1 the Demonspawn Earth Elementalist began the quest
                  | for the Orb.
     0 | D        | Reached XP level 1. HP: 13/13 MP: 3/3
     3 | D        | Found a hide-covered altar of Uskayaw.
     4 | D        | Found a shimmering blue altar of Sif Muna.
     4 | D        | Found a burning altar of Makhleb.
     5 | D        | Found a stormy altar of Qazlal.
     5 | D        | Round 1.
     6 | D        | Found a shimmering altar of Xom.
     6 | D        | Found a corrupted altar of Lugonu.
     7 | D        | Found a snail-covered altar of Cheibriados.
     7 | D        | Found Goel's Weapon Rack.
     7 | D        | Found Yniuso's Premium Goods.
     8 | D        | Found Qattaics's Basic Armour.
     8 | D        | Found Qiyckaid's Miscellaneous Merchandise.
    12 | D        | Found a blossoming altar of Fedhas.
    13 | D        | Found a sacrificial altar of Ru.
    14 | D        | Found Gewkoemeab's Identification Station.
    14 | D        | Found a radiant altar of Vehumet.
    14 | D        | Found a basalt altar of Yredelemnul.
    14 | D        | Found Umabb's Timeless Talismans.
    15 | D        | Found Anwebicw's Advanced Armour.
    15 | D        | Found Jutikh's Jewellery.
    18 | D        | Found a bloodstained altar of Trog.
    22 | D        | Became a worshipper of Vehumet
    25 | D        | Reached skill level 3 in Earth Magic
    27 | D        | Found an iron altar of Okawaru.
    31 | D        | Found Ibontuot's Magic Scroll Shop.
    33 | D        | Found Ele Bee's Magic Scroll Shop.
    33 | D        | Found Haishrae's Must-Have Magic.
    34 | D        | Found a shadowy altar of Dithmenos.
    34 | D        | Found an opulent altar of Gozag.
    34 | D        | Found Ceqopt's Staff Store.
    38 | D        | Found an ornate altar of the Wu Jian Council.
    39 | D        | Found an ancient bone altar of Kikubaaqudgha.
    48 | D        | Found Cupiadau's Do-It-Yourself Clinic.
    48 | D        | Found Celyuf's Distillery.
    49 | D        | Found Joro's Bottled Wisdom.
    49 | D        | Found Ebonest's Distillery.
   106 | D        | Reached * piety under Vehumet
   106 | D        | Offered knowledge of Kiss of Death by Vehumet.
   166 | D        | Reached ** piety under Vehumet
   166 | D        | Arena points: 14 (+14) [x2]
   167 | D        | Gained mutation: When seriously injured, your blood forms
                  | armour. (AC +9) [demonic ancestry]
   167 | D        | Reached XP level 2. HP: 19/19 MP: 5/5
   196 | D        | Round 2.
   202 | D        | Reached skill level 4 in Earth Magic
   276 | D        | Offered knowledge of Magic Dart by Vehumet.
   322 | D        | Noticed a kobold brigand
   334 | D        | Killed a kobold brigand
   334 | D        | Reached *** piety under Vehumet
   335 | D        | Reached skill level 5 in Earth Magic
   335 | D        | Gained mutation: Your touch may inflict minor irresistible
                  | damage on your foes. [demonic ancestry]
   335 | D        | Reached XP level 3. HP: 15/28 MP: 3/9
   335 | D        | Gained mutation: Your touch may inflict irresistible damage
                  | on your foes. [demonic ancestry]
   335 | D        | Reached XP level 4. HP: 18/34 MP: 3/10
   337 | D        | Arena points: 50 (+36) [x3]
   402 | D        | Round 3.
   425 | D        | Learned a level 3 spell: Stone Arrow
   438 | D        | Offered knowledge of Momentum Strike by Vehumet.
   442 | D        | Reached **** piety under Vehumet
   462 | D        | Arena points: 134 (+84) [x4]
   473 | D        | Learned a level 4 spell: Brom's Barrelling Boulder
   506 | D        | Round 4.
   523 | D        | Noticed a kobold brigand
   530 | D        | Noticed a kobold brigand
   531 | D        | Killed a kobold brigand
   532 | D        | Reached skill level 5 in Spellcasting
   532 | D        | Reached skill level 1 in Conjurations
   532 | D        | Reached skill level 6 in Earth Magic
   532 | D        | Gained mutation: When seriously injured, your blood forms
                  | thick armour. (AC +9) [demonic ancestry]
   532 | D        | Reached XP level 5. HP: 32/42 MP: 2/13
   534 | D        | Reached ***** piety under Vehumet
   535 | D        | Reached skill level 7 in Earth Magic
   581 | D        | Arena points: 274 (+140) [x5]
   599 | D        | Upgraded the game from 0.31-a0-881-ge136f0c47a to
                  | 0.31-a0-889-g1a8549509d
   636 | D        | Bought a clouded emerald amulet for 45 gold pieces
   636 | D        | Identified the amulet of Hugior {RegenMP rC- Regen+ Int+2}
                  | (You bought it in a shop in the Dungeon)
   636 | D        | Bought a brightly glowing marble ring for 45 gold pieces
   636 | D        | Identified the ring "Juzig" {Wiz rN++ Dex-4} (You bought it
                  | in a shop in the Dungeon)
   644 | D        | Round 5.
   681 | D        | Noticed a naga warlord
   696 | D        | Killed a naga warlord
   696 | D        | Offered knowledge of Hailstorm by Vehumet.
   696 | D        | Arena points: 554 (+280) [x7]
   697 | D        | Reached skill level 5 in Conjurations
   697 | D        | Reached skill level 10 in Earth Magic
   697 | D        | Gained mutation: You may rarely emit foul miasma when
                  | damaged in melee. [demonic ancestry]
   697 | D        | Reached XP level 6. HP: 43/53 MP: 7/17
   697 | D        | Gained mutation: Spells you cast may paralyse adjacent
                  | enemies. [demonic ancestry]
   697 | D        | Reached XP level 7. HP: 48/59 MP: 7/19
   699 | D        | Got a serpentine rune of Zot
   718 | D        | Bought a crude robe for 199 gold pieces
   718 | D        | Identified the +1 robe of Joy {-Cast rPois Dex+3 Stlth+}
                  | (You bought it in a shop in the Dungeon)
   718 | D        | Bought a translucent cloak for 332 gold pieces
   718 | D        | Identified the +1 cloak of Parts Unknown {rPois rF+ Str+6}
                  | (You bought it in a shop in the Dungeon)
   762 | D        | Bought 4 potions of curing for 84 gold pieces
   762 | D        | Bought 3 potions of heal wounds for 105 gold pieces
   771 | D        | Reached XP level 8. HP: 67/67 MP: 21/21
   871 | D        | Round 6.
   875 | D        | Offered knowledge of Dazzling Flash by Vehumet.
   878 | D        | Noticed a sun demon
   880 | D        | Reached skill level 11 in Earth Magic
   880 | D        | Reached XP level 9. HP: 74/74 MP: 14/22
   900 | D        | Slain by a sun demon

Illustrated notes

Levels and vault maps discovered:
D:        arena_sprint

Skill      XL: |  1  2  3  4  5  6  7  8  9 |
---------------+----------------------------+-----
Earth Magic    | 3 5 6 10 11 | 11.2
Dodging        | 2 3 4 |  4.5
Fighting       | 2 3 6 7 8 |  8.0
Spellcasting   | 4 5 8 9 |  9.7
Conjurations   | 1 5 6 7 |  7.3
Evocations     | 2 3 |  3.0
Stealth        | |  1.8
Transmutations | |  0.8

Action                     |  1- 3 |  4- 6 |  7- 9 || total
---------------------------+-------+-------+-------++-------
  Melee: Short sword       |       |     6 |     1 ||     7
         Touch             |       |     1 |       ||     1
   Cast: Sandblast         |    20 |    13 |     9 ||    42
         Stone Arrow       |       |     9 |    12 ||    21
  Evoke: Wand              |       |     7 |     1 ||     8
    Use: Potion            |     4 |     3 |     3 ||    10
         Scroll            |       |     1 |     1 ||     2
 Armour: Robe              |    12 |     6 |    10 ||    28
  Dodge: Dodged            |    11 |     6 |    10 ||    27

Table legend: (Time is in decaauts)
 A = Elapsed time spent in this place.
 B = Non-inter-level travel time spent in this place.
 C = Inter-level travel time spent in this place.
 D = Time resting spent in this place.
 E = Time spent auto-exploring this place.
 F = Levels seen in this place.
 G = Mean time per level.
                   A        B        C        D        E       F      G
               +--------+--------+--------+--------+--------+-----+--------+
         Total |    924 |    924 |      0 |    290 |      0 |   1 |  924.0 |
       Dungeon |    924 |    924 |      0 |    290 |      0 |   1 |  924.0 |
               +--------+--------+--------+--------+--------+-----+--------+

Top non-repeatable levels by time:
       D: 924 daAuts
